 Dungeon Crawl Stone Soup version 0.27.1 (webtiles) character file.

Game seed: 9124161128760761487

435 Ishikawa the Ruffian (level 6, 0/61 HPs)
             Began as a Troll Berserker on Sept 3, 2021.
             Was a Priest of Trog.
             Slain by an iguana (13 damage)
             ... on level 6 of the Dungeon.
             The game lasted 00:05:35 (2696 turns).

Ishikawa the Ruffian (Troll Berserker)              Turns: 2696, Time: 00:05:35

Health: 0/61       AC:  4    Str: 28    XL:     6   Next: 68%
Magic:  5/5        EV: 10    Int:  3    God:    Trog [***...]
Gold:   179        SH:  0    Dex:  9    Spells: 5/5 levels left

rFire    . . .     SeeInvis .     - Unarmed
rCold    . . .     Faith    .   (no shield)
rNeg     . . .     Spirit   .   a - +0 animal skin
rPois    .         Reflect  .   (helmet restricted)
rElec    .         Harm     .   (no cloak)
rCorr    .         Rampage  .   (gloves unavailable)
Will     .....                  (boots unavailable)
Stlth    +.........             (no amulet)
HPRegen  1.20/turn              (no ring)
MPRegen  0.09/turn              (no ring)

@: no status effects
A: large, unfitting armour, claws 3, regeneration 1, shaggy fur 1, tough skin 1
a: Renounce Religion, Berserk, Trog's Hand


You were on level 6 of the Dungeon.
You worshipped Trog.
Trog was most pleased with you.
You visited 1 branch of the dungeon, and saw 6 of its levels.

You collected 179 gold pieces.

Inventory:

Missiles
 g - 2 throwing nets (quivered)
Armour
 a - a +0 animal skin (worn)
Scrolls
 c - a scroll of noise {unknown}
 e - a scroll of torment {unknown}
 j - a scroll of immolation {unknown}
 k - a scroll of identify {unknown}
 o - a scroll of teleportation {unknown}
Potions
 b - a potion of heal wounds
 d - a potion of lignification {unknown}
 f - a potion of attraction {unknown}
 h - a potion of invisibility
 i - a potion of curing {unknown}
 l - 2 potions of degeneration {unknown}
 m - a potion of flight {unknown}
 n - a potion of mutation {unknown}


   Skills:
 * Level 3.2 Fighting
 * Level 1.4 Armour
 * Level 3.6 Dodging
 * Level 1.1 Stealth
 * Level 5.5 Unarmed Combat


You had 5 spell levels left.
You didn't know any spells.
Your spell library was empty.

Dungeon Overview and Level Annotations

Branches:
Dungeon (7/15)
 Temple: D:4-7

Altars:

Shops:
D:3 *


Innate Abilities, Weirdness & Mutations

You are too large for most types of armour.
You have claws for hands.
Your natural rate of healing is unusually fast.
You are covered in fur. (AC +1)
You have tough skin. (AC +1)


Message History

You open the door.
There is an open door here.
There is an open door here.
There is a stone staircase leading up here.
A white imp comes into view.
Found the Incunabulum of Calling.
The white imp shouts, "Crawl home, thou pandering knotty-pated yak-dropping!"
The white imp gestures at you. The puff of frost hits you!
The white imp barely misses you.
You mangle the white imp!!
You kill the white imp!
Trog accepts your kill.
(D) Dungeon
Where to? (Enter - D:4, ? - help)
There is a stone staircase leading up here.
You climb upwards.
The iguana hisses angrily.
The orc warrior shouts!
The orc shouts!
The orc priest shouts!
The orc shouts!
Found 24 gold pieces, a black potion and a scale mail.
There is a stone staircase leading down here.
There are monsters nearby!
The orc priest looks braver for a moment.
You closely miss the orc priest.
The orc warrior hits you with a +0 scimitar!
You closely miss the orc priest. The orc priest hits you with a +0 whip.
The iguana bites you.
You closely miss the orc priest. The orc hits you but does no damage.
The orc warrior barely misses you. The orc priest barely misses you.
The iguana barely misses you.
You closely miss the orc priest. The orc hits you but does no damage.
The orc warrior hits you with a +0 scimitar.
The orc priest hits you with a +0 whip. The orc hits you with a +0 whip.
The iguana closely misses you.
You completely miss the orc priest. The orc hits you with a +0 flail!
The orc warrior hits you with a +0 scimitar!
The orc priest hits you with a +0 whip!
* * * LOW HITPOINT WARNING * * *
The orc closely misses you. The iguana bites you!
You die...

###########
#..!...^...
#..o...$...
#o@l.....$.
#.oo.......
#....[.....
#..........
######.####
.# .#


You could see an orc warrior, an iguana, an orc priest and 2 orcs.

Vanquished Creatures
  A necrophage (D:7)
  A bullfrog (D:7)
  A water moccasin skeleton (D:3)
  A bullfrog skeleton (D:3)
  Terence (D:3)
  An iguana (D:7)
  An orc wizard (D:2)
  4 gnolls (D:2)
  2 adders (D:3)
  A white imp (D:7)
  An adder skeleton (D:4)
  A worm (D:2)
  2 dart slugs (D:3)
  7 orcs
  3 ball pythons
  2 endoplasms
  6 giant cockroaches
  5 goblins
  7 hobgoblins
  5 kobolds
  3 bats
  5 frilled lizards
  5 rats
66 creatures vanquished.

Notes
Turn   | Place    | Note
-------+----------+-------------------------------------------
     0 | D:1      | Ishikawa the Troll Berserker began the quest for the Orb.
     0 | D:1      | Reached XP level 1. HP: 22/22 MP: 0/0
   191 | D:1      | Reached XP level 2. HP: 29/29 MP: 1/1
   339 | D:1      | Found a faded altar of an unknown god.
   791 | D:2      | Reached XP level 3. HP: 36/36 MP: 2/2
   894 | D:2      | Reached ** piety under Trog
  1064 | D:2      | Reached XP level 4. HP: 17/44 MP: 3/3
  1608 | D:3      | You fall into a shaft and drop 1 floor!
  1623 | D:3      | Noticed Terence
  1629 | D:3      | Killed Terence
  1630 | D:3      | Reached skill level 4 in Unarmed Combat
  1712 | D:3      | Reached XP level 5. HP: 52/53 MP: 4/4
  1856 | D:3      | Found Paelyose's General Store.
  2045 | D:3      | Reached skill level 1 in Armour
  2570 | D:4      | You fall into a shaft and drop 3 floors!
  2594 | D:7      | Reached skill level 1 in Stealth
  2594 | D:7      | Reached skill level 5 in Unarmed Combat
  2594 | D:7      | Reached XP level 6. HP: 57/61 MP: 5/5
  2681 | D:7      | Reached *** piety under Trog
  2690 | D:6      | Noticed an orc warrior
  2696 | D:6      | Slain by an iguana

Illustrated notes

Levels and vault maps discovered:
D:1:      evilmike_arrival_plus, layout_loops_ring,
          shapermc_ecumenical_altar_pompeii
D:2:      layout_basic
D:3:      layout_basic, serial_shops, shop, grunt_ministairs_11, uniq_terence
D:4:      layout_loops_ring, dk_vineyard_1
D:6:      layout_rooms, grunt_ministairs_15, nrook_mini_backslash,
          uniq_eustachio
D:7:      layout_basic, temple_green

Skill      XL: |  1  2  3  4  5 |
---------------+----------------+-----
Dodging        | 3 |  3.6
Fighting       | 3 |  3.2
Unarmed Combat | 4 5 |  5.5
Armour         | 1 |  1.4
Stealth        | 1 |  1.1

Action                   |  1- 3 |  4- 6 || total
-------------------------+-------+-------++-------
Melee: Unarmed           |    84 |    99 ||   183
       Punch             |       |     2 ||     2
  Use: Potion            |       |     2 ||     2
 Stab: Sleeping          |       |     2 ||     2
Armor: Animal skin       |    31 |    17 ||    48
Dodge: Dodged            |    45 |    53 ||    98
